 Dungeon Sprint DCSS version 0.27-a0-1287-gca74d27db6 (webtiles) character file.

Game seed: 17658590411163475215

1399 mhtbhm the Basher (level 8, -12/90 HPs)
             Began as a Gargoyle Berserker on June 15, 2021.
             Was a High Priest of Trog.
             Mangled by a boulder beetle (20 damage)
             ... in the Dungeon (Sprint II: "The Violet Keep of Menkaure").
             The game lasted 00:03:10 (706 turns).

mhtbhm the Basher (Gargoyle Berserker)               Turns: 706, Time: 00:03:10

Health: -12/90     AC: 16    Str: 22    XL:     8   Next: 69%
Magic:  8/8        EV: 11    Int:  9    God:    Trog [*****.]
Gold:   93         SH:  0    Dex:  9    Spells: 7/7 levels left

rFire    + . .     SeeInvis .   a - +1 whip (venom)
rCold    . . .     Faith    .   (no shield)
rNeg     + . .     Spirit   .   b - +3 scale mail {rC+}
rPois    ∞         Reflect  .   (no helmet)
rElec    +         Harm     .   (no cloak)
rCorr    .         Rampage  .   (no gloves)
Will     .....     NoTele   +   (no boots)
Stlth    ..........             (no amulet)
HPRegen  0.25/turn              j - ring of fire
MPRegen  0.11/turn              (no ring)

@: berserking (expiring), very quick
A: sickness immunity, AC +5, negative energy resistance 1, electricity
resistance, torment resistance 1, petrification resistance
a: Renounce Religion, Berserk, Trog's Hand, Brothers in Arms


You were in the Dungeon.
You worshipped Trog.
Trog was extremely pleased with you.
You visited 1 branch You collected 729 gold pieces.
You spent 636 gold pieces at shops.

Inventory:

Hand Weapons
 a - a +1 whip of venom (weapon)
Armour
 b - a +3 scale mail of cold resistance (worn)
Jewellery
 j - a ring of fire (left hand)
Scrolls
 h - a scroll of blinking
 i - a scroll of identify {unknown}
Potions
 c - a potion of curing
 d - a potion of heal wounds
 e - a potion of haste
 f - 2 potions of magic
 g - a potion of berserk rage


   Skills:
 + Level 12.2 Fighting
 + Level 12.8 Maces & Flails
 + Level 6.0 Armour
 + Level 5.7 Dodging


You had 7 spell levels left.
You didn't know any spells.
Your spell library was empty.

Dungeon Overview and Level Annotations

Branches:
Dungeon (1/1)

Altars:

Shops:
D :?:?[([=!=*[(![

Annotations:
D exclusion: oklob plant


Innate Abilities, Weirdness & Mutations

You are immune to sickness and miasma.
Your stone body is resilient. (AC +5)
You are immune to poison.
You resist negative energy. (rN+)
You are resistant to electric shocks. (rElec)
You are resistant to unholy torment.
You are immune to petrification.


Message History

The boulder beetle looks as sick as possible!
The boulder beetle is moderately wounded.
The boulder beetle closely misses you.
You hit the boulder beetle but do no damage.
The boulder beetle is moderately wounded.
You hit the boulder beetle but do no damage.
The boulder beetle is moderately wounded.
The boulder beetle bites you but does no damage.
You hit the boulder beetle.
The boulder beetle looks as sick as possible!
The boulder beetle is moderately wounded.
You hit the boulder beetle but do no damage.
The boulder beetle looks as sick as possible!
The boulder beetle is heavily wounded.
You hit the boulder beetle.
The boulder beetle looks as sick as possible!
The boulder beetle is heavily wounded.
The boulder beetle bites you.
* * * LOW HITPOINT WARNING * * *
You hit the boulder beetle but do no damage.
The boulder beetle looks as sick as possible!
The boulder beetle is heavily wounded.
You hit the boulder beetle.
The boulder beetle looks as sick as possible!
The boulder beetle is heavily wounded.
You hit the boulder beetle but do no damage.
The boulder beetle looks as sick as possible!
The boulder beetle is heavily wounded.
The boulder beetle bites you but does no damage.
You whack the boulder beetle!
The boulder beetle looks as sick as possible!
The boulder beetle is heavily wounded.
You hit the boulder beetle.
The boulder beetle looks as sick as possible!
The boulder beetle is severely wounded.
You whack the boulder beetle!
The boulder beetle looks as sick as possible!
The boulder beetle is severely wounded.
The boulder beetle bites you!!
You die...

#########≈≈#++
########≈≈≈...
.......#≈≈≈≈.##+##
...⌠...#≈≈≈≈##.#.##
..∩.∩..#≈≈≈≈#..#..#
.∩.∩.∩.#≈≈### #.### #
∩.∩.∩..#≈##.###'# .##
.∩...∩.#≈#...##.##...#
∩.....∩'≈'##.'.B@'#
.......#≈#...##.##..$#
▓▓▓▓▓###≈##.###'## .##
hh######≈≈#####..## #


hh#F. ##≈≈≈#.##..# P$+.?# #÷#≈##.#.## (.#)##.##.#≈≈##'## .$###...####≈≈≈≈≈≈≈≈≈§§
+###..○. #+++#+++#≈≈≈ You could see a boulder beetle (extremely poisoned).

Vanquished Creatures
  A boulder beetle (D)
  A water moccasin (D)
  4 necrophages (D)
  4 scorpions (D)
  A hell rat (D)
  3 worms (D)
14 creatures vanquished.

Vanquished Creatures (others)
  Menkaure (D)
  A water moccasin (D)
2 creatures vanquished.

Grand Total: 16 creatures vanquished

Notes
Turn   | Place    | Note
-------+----------+-------------------------------------------
     0 | D        | mhtbhm the Gargoyle Berserker began the quest for the Orb.
     0 | D        | Reached XP level 1. HP: 14/14 MP: 1/1
     1 | D        | Noticed a scorpion
     1 | D        | Noticed a scorpion
     1 | D        | Noticed a scorpion
     1 | D        | Noticed a scorpion
     5 | D        | Killed a scorpion
     6 | D        | Reached skill level 5 in Maces & Flails
     6 | D        | Reached XP level 2. HP: 22/22 MP: 2/2
     6 | D        | Reached XP level 3. HP: 27/27 MP: 3/3
     6 | D        | Reached XP level 4. HP: 32/32 MP: 4/4
     7 | D        | Killed a scorpion
     8 | D        | Reached XP level 5. HP: 38/38 MP: 5/5
    12 | D        | Reached ** piety under Trog
    18 | D        | Reached XP level 6. HP: 45/45 MP: 6/6
    42 | D        | Killed Menkaure
   203 | D        | Noticed a necrophage
   203 | D        | Noticed a necrophage
   203 | D        | Noticed a necrophage
   203 | D        | Noticed a necrophage
   211 | D        | Killed a necrophage
   217 | D        | Killed a necrophage
   218 | D        | Reached skill level 10 in Fighting
   218 | D        | Reached skill level 5 in Armour
   220 | D        | Killed a necrophage
   220 | D        | Reached *** piety under Trog
   221 | D        | Reached skill level 10 in Maces & Flails
   221 | D        | Reached XP level 7. HP: 52/52 MP: 7/7
   390 | D        | Noticed a flying skull
   390 | D        | Noticed a flying skull
   390 | D        | Noticed a flying skull
   390 | D        | Noticed a flying skull
   390 | D        | Noticed a flying skull
   391 | D        | Noticed a flying skull
   391 | D        | Noticed a flying skull
   391 | D        | Noticed a flying skull
   391 | D        | Noticed a flying skull
   392 | D        | Noticed a flying skull
   392 | D        | Noticed a flying skull
   393 | D        | Noticed a flying skull
   397 | D        | Reached **** piety under Trog
   405 | D        | Noticed a boulder beetle
   405 | D        | Noticed a boulder beetle
   414 | D        | Found Jidoid's Distillery.
   414 | D        | Found Zeodimek's Antique Armour Emporium.
   414 | D        | Found Tabume Bucs's Distillery.
   414 | D        | Found Foekacku's Antique Weapon Emporium.
   414 | D        | Found Ymikemer's Jewellery Shoppe.
   414 | D        | Found Vaotuc's Assorted Antiques.
   414 | D        | Found Zellioluo's Jewellery Emporium.
   415 | D        | Found Recle's Antique Armour Emporium.
   415 | D        | Found Inat's Antique Armour Shoppe.
   415 | D        | Found Toiggik's Antique Weapon Emporium.
   451 | D        | Found Plog's Antique Armour Shoppe.
   451 | D        | Found Giuz's Magic Scroll Emporium.
   451 | D        | Noticed an oklob plant
   452 | D        | Found Rorchot's Magic Scroll Shoppe.
   452 | D        | Found Zoger's Book Emporium.
   452 | D        | Found Ostaleoj's Book Shoppe.
   452 | D        | Noticed a polar bear
   452 | D        | Noticed a polar bear
   494 | D        | Noticed a cane toad
   495 | D        | Noticed a cane toad
   520 | D        | Bought a glowing scale mail for 154 gold pieces
   563 | D        | Bought a ring of fire for 350 gold pieces
   595 | D        | Bought a glowing whip for 132 gold pieces
   687 | D        | Killed a boulder beetle
   687 | D        | Reached ***** piety under Trog
   688 | D        | Reached skill level 5 in Dodging
   688 | D        | Reached XP level 8. HP: 29/60 MP: 8/8
   706 | D        | Mangled by a boulder beetle

Illustrated notes

Levels and vault maps discovered:
D:        the_violet_keep_of_menkaure [sprint2_stairs_cluster_1,
          sprint2_shoproom, sprint2_temple, sprint2_basic_supplies,
          sprint2_obstacle_1, sprint2_obstacle_6, sprint2_obstacle_7,
          sprint2_obstacle_2, sprint2_obstacle_5, sprint2_timed_cluster_1,
          sprint2_smallroom_cluster_1, sprint2_smallroom_final_cluster_1,
          sprint2_transparent_cluster_1, sprint2_second_timed_cluster_1,
          sprint2_sniper_area_1, sprint2_heavy_combat_area_1,
          sprint2_mutation_trap_area_1, sprint2_forest_area_1,
          sprint2_light_combat_area_1, sprint2_behind_water_1,
          sprint2_near_end_vault_1]

Skill      XL: |  1  2  3  4  5  6  7 |
---------------+----------------------+-----
Fighting       | 6 7 8 10 12 | 12.2
Maces & Flails | 5 6 8 10 12 | 12.8
Armour         | 3 4 5 6 |  6.0
Dodging        | 2 3 4 5 |  5.7

Action                   |  1- 3 |  4- 6 |  7- 9 || total
-------------------------+-------+-------+-------++-------
Melee: Mace              |     3 |    28 |    43 ||    74
       Whip              |       |       |    34 ||    34
Invok: Berserk           |     1 |     1 |     2 ||     4
Armor: Animal skin       |       |     3 |     8 ||    11
       Scale mail        |       |       |     2 ||     2
Dodge: Dodged            |       |    10 |    16 ||    26

Table legend: (Time is in decaauts)
 A = Elapsed time spent in this place.
 B = Non-inter-level travel time spent in this place.
 C = Inter-level travel time spent in this place.
 D = Time resting spent in this place.
 E = Time spent auto-exploring this place.
 F = Levels seen in this place.
 G = Mean time per level.
                   A        B        C        D        E       F      G
               +--------+--------+--------+--------+--------+-----+--------+
         Total |    695 |    695 |      0 |    405 |      1 |   1 |  695.0 |
       Dungeon |    695 |    695 |      0 |    405 |      1 |   1 |  695.0 |
               +--------+--------+--------+--------+--------+-----+--------+

Top non-repeatable levels by time:
       D: 695 daAuts
